 Dungeon Crawl Stone Soup version 0.23-a0-270-gab6feb3 (webtiles) character file.

33670 MisterFreud the Unseen (level 13, -6/93 HPs)
             Began as a Vampire Enchanter on Oct 1, 2018.
             Was a High Priest of Kikubaaqudgha.
             Mangled by an entropy weaver (9 damage)
             ... on level 5 of the Lair of Beasts.
             The game lasted 01:11:15 (22888 turns).

MisterFreud the Unseen (Vampire Enchanter)         Turns: 22888, Time: 01:11:17

Health: -6/93      AC: -12   Str:  7    XL:     13   Next: 38%
Magic:  8/16       EV: 31    Int: 22    God:    Kikubaaqudgha [*****.]
Gold:   1053       SH:  0    Dex: 20    Spells: 7/16 levels left

rFire    . . .     SeeInvis +   (weapon currently unavailable)
rCold    . . .     Gourm    .   (shield currently unavailable)
rNeg     + . .     Faith    .   (armour currently unavailable)
rPois    .         Spirit   .   (helmet currently unavailable)
rElec    .         Reflect  .   (cloak currently unavailable)
rCorr    .         Harm     .   (gloves currently unavailable)
MR       +....                  (boots currently unavailable)
Stlth    +++++++++.             (no amulet)
HPRegen  0.25/turn              (ring currently unavailable)
MPRegen  0.15/turn              (ring currently unavailable)

@: bat-form, corroded, flying, very quick
A: tiny, fangs 3, see invisible
a: End Transformation, Receive Corpses, Torment, Renounce Religion


You were on level 5 of the Lair of Beasts.
You worshipped Kikubaaqudgha.
Kikubaaqudgha was extremely pleased with you.
You were not thirsty.
You were in vampire-bat-form.
You visited 3 branches of the dungeon, and saw 19 of its levels.

You collected 1081 gold pieces.
You spent 28 gold pieces at shops.

Inventory:

Hand Weapons
 w - a +1 short sword of draining (melded)
 A - a +4 dagger
Missiles
 i - 11 javelins (quivered)
 n - 602 stones
 P - a throwing net
 R - 8 silver javelins
Armour
 b - a +0 robe (melded)
 p - a +0 buckler (melded)
 y - a +2 helmet (melded)
 I - a scarf of cloud immunity (melded)
 J - a +0 pair of boots (melded)
 V - a +2 pair of gloves (melded)
Wands
 l - a wand of polymorph (38)
 u - a wand of disintegration (15)
 E - a wand of scattershot (6)
 F - a wand of digging (18)
 H - a wand of clouds (4)
 L - a wand of flame (44)
 W - a wand of iceblast (9)
Scrolls
 e - a scroll of vulnerability
 f - a scroll of blinking
 h - 3 scrolls of amnesia
 j - 3 scrolls of enchant weapon
 o - 4 scrolls of remove curse
 q - a scroll of silence
 r - a scroll of magic mapping
 x - 16 scrolls of teleportation
 z - a scroll of brand weapon
 B - a scroll of summoning
Potions
 c - a potion of might
 d - 2 potions of blood
 g - 5 potions of heal wounds
 k - 6 potions of curing
 m - 8 potions of haste
 s - a potion of berserk rage
 v - a potion of invisibility
 G - 3 potions of mutation
 K - 2 potions of agility
 M - 2 potions of brilliance
 O - 3 potions of flight
 Q - 3 potions of resistance
 Z - a potion of lignification
Miscellaneous
 a - a fan of gales
 S - a fan of gales
 U - 2 phantom mirrors


   Skills:
 - Level 6.0 Fighting
 - Level 12.2 Short Blades
 - Level 10.0 Dodging
 - Level 16.0 Stealth
 - Level 4.0 Shields
 - Level 2.0 Spellcasting
 - Level 14.1 Hexes
 + Level 5.9 Necromancy
 + Level 5.4 Ice Magic


You had 7 spell levels left.
You knew the following spells:

 Your Spells              Type           Power        Failure   Level  Hunger
a - Corona                Hex            ######.      1%          1    #......
b - Ensorcelled Hibernat  Hex/Ice        #####.       1%          2    ##.....
c - Confuse               Hex            ######..     1%          3    ###....
d - Dazzling Spray        Conj/Hex       ####..       2%          3    ###....

Your spell library contained the following spells:

 Spells                   Type           Power        Failure   Level  Hunger
 Animate Skeleton         Necr           N/A          1%          1    #......
 Freeze                   Ice            ####         1%          1    #......
 Pain                     Necr           ####         1%          1    #......
 Sublimation of Blood     Necr           ####......   1%          2    ##.....
 Tukima's Dance           Hex            ######..     1%          3    ###....
 Throw Frost              Conj/Ice       ##....       7%          2    ##.....
 Regeneration             Chrm/Necr      ###.......   12%         3    ###....
 Ozocubu's Armour         Chrm/Ice       ##......     14%         3    ###....
 Dispel Undead            Necr           ####....     32%         5    ######.
 Summon Ice Beast         Ice/Summ       ##......     41%         4    #####..
 Throw Icicle             Conj/Ice       ##......     41%         4    #####..
 Borgnjor's Vile Clutch   Necr/Erth      ###.......   75%         5    ######.
 Excruciating Wounds      Chrm/Necr      ###.......   75%         5    ######.
 Death Channel            Necr           ####......   88%         6    #######
 Simulacrum               Ice/Necr       ####......   90%         6    #######


Dungeon Overview and Level Annotations

Branches:
Dungeon (12/15)            Temple (1/1) D:6            Lair (6/6) D:11
  Swamp (0/4) Lair:2       Spider (0/4) Lair:3        Slime (0/5) Lair:6
    Orc (0/2) D:10

Altars:
Ashenzari
Elyvilon
Fedhas
Gozag
Kikubaaqudgha
Makhleb
Nemelex Xobeh
Okawaru
Qazlal
Ru
Sif Muna
Trog
Uskayaw
Wu Jian
Xom
Yredelemnul
Jiyva

Shops:
D:8 *

Annotations:
Lair:3 Gastronok


Innate Abilities, Weirdness & Mutations

You have razor-sharp teeth.
You have supernaturally acute eyesight. (SInv)
((You can survive without breathing.))


Message History

The hippogriff claws you!
* * * LOW HITPOINT WARNING * * *
The helpless water moccasin fails to defend itself.
You skewer the water moccasin like a kebab!!!!
You kill the water moccasin!
Kikubaaqudgha accepts your kill.
You turn into a vampire bat.
Your +1 short sword of draining melds into your body.
Your scarf of cloud immunity melds into your body.
Your +2 helmet melds into your body.
Your +2 pair of gloves melds into your body.
Your +0 pair of boots melds into your body.
Your +0 buckler melds into your body.
Your +0 robe melds into your body.
You feel vulnerable to the effects of clouds.
The hippogriff completely misses you. The hippogriff misses you.
The hippogriff completely misses you. The entropy weaver hits you!
* * * LOW HITPOINT WARNING * * *
The entropy weaver misses you. The entropy weaver hits you!
You die...
Kikubaaqudgha rasps: "You have failed me!
Welcome... oblivion!"

###..........###
.##............###
#.#..............#
##...............#
#..............###
#................#
###..............#
####.............##
.##...#.........b#
.......#.......Ha#
......##.........##
.........#........#
..........(......##
................>.##
...................#
.............P#..###
.............###..#


You could see an entropy weaver and a hippogriff.

Vanquished Creatures
  An entropy weaver (Lair:6)
  Fannar (D:10)
  4 hydras
  A two-headed ogre (D:12)
  3 death yaks
  Urug (D:10)
  An unseen horror (D:11)
  An oklob plant (Lair:4)
  A deep elf mage (D:9)
  7 elephants
  8 black mambas
  A rime drake (Lair:3)
  9 spiny frogs
  7 komodo dragons
  A polar bear (Lair:6)
  2 trolls (D:11)
  4 hippogriffs
  Prince Ribbit (D:8)
  A slime creature (D:12)
  2 dream sheep (Lair:5)
  A shadow (D:11)
  2 redbacks (Lair:3)
  3 wyverns
  10 yaks
  5 basilisks
  2 hungry ghosts
  16 soldier ants
  5 water moccasins
  5 porcupines
  An ice beast (D:10)
  5 orc warriors
  2 sky beasts
  2 black bears
  9 wolves (Lair:4)
  3 necrophages
  5 ogres
  4 crocodiles
  2 centaurs
  6 big kobolds
  Blork the orc (D:4)
  10 bullfrogs
  A wyvern skeleton (D:5)
  5 scorpions
  10 killer bees
  3 wights (D:10)
  2 howler monkeys
  5 crimson imps
  2 bullfrog zombies
  A hound (D:11)
  A quasit (D:10)
  3 centaur zombies
  5 jellies
  3 orc priests
  13 orc wizards
  3 centaur skeletons
  5 iguanas
  13 worker ants
  2 hound zombies
  4 worker ant zombies
  5 gnolls
  11 adders
  A river rat (D:8)
  3 oozes
  4 worms
  A dart slug (D:1)
  8 leopard geckos
  42 orcs
  2 ball pythons
  7 giant cockroaches
  6 goblins
  7 hobgoblins
  6 jackals
  4 quokkas
  9 bats
  7 frilled lizards
  27 kobolds
  4 rats
  A butterfly (Lair:2)
  A fungus (Lair:3)
393 creatures vanquished.

Vanquished Creatures (others)
  11 fungi
  12 plants (Lair:6)
23 creatures vanquished.

Grand Total: 416 creatures vanquished

Notes
Turn   | Place    | Note
-------+----------+-------------------------------------------
     0 | D:1      | MisterFreud the Vampire Enchanter began the quest for the
                  | Orb.
     0 | D:1      | Reached XP level 1. HP: 13/13 MP: 3/3
   229 | D:1      | Reached XP level 2. HP: 16/19 MP: 3/5
   233 | D:1      | Learned a level 2 spell: Ensorcelled Hibernation
   323 | D:1      | Reached skill level 5 in Stealth
  1288 | D:2      | Found a shattered altar of Ashenzari.
  1346 | D:2      | Reached XP level 3. HP: 15/24 MP: 0/6
  1853 | D:2      | Reached skill level 6 in Stealth
  1861 | D:2      | Reached XP level 4. HP: 30/30 MP: 2/7
  2194 | D:3      | Noticed a big kobold
  2200 | D:3      | Killed a big kobold
  2200 | D:3      | Reached skill level 7 in Stealth
  2200 | D:3      | Reached XP level 5. HP: 35/35 MP: 3/8
  3078 | D:4      | Noticed an ogre
  3086 | D:4      | Killed an ogre
  3086 | D:4      | Reached skill level 8 in Stealth
  3086 | D:4      | Reached XP level 6. HP: 41/41 MP: 9/9
  3679 | D:4      | Noticed Blork the orc
  3684 | D:4      | Killed Blork the orc
  3684 | D:4      | Reached skill level 5 in Short Blades
  4072 | D:5      | Entered Level 5 of the Dungeon
  4134 | D:5      | Found a sparkling altar of Nemelex Xobeh.
  4188 | D:5      | Reached XP level 7. HP: 29/46 MP: 7/10
  4866 | D:6      | Reached skill level 9 in Stealth
  5670 | D:5      | Reached skill level 10 in Stealth
  5922 | D:5      | Learned a level 3 spell: Confuse
  5946 | D:5      | Reached XP level 8. HP: 52/52 MP: 5/11
  6167 | D:6      | Reached skill level 11 in Stealth
  6269 | D:6      | Found an iron altar of Okawaru.
  6370 | D:6      | Found a staircase to the Ecumenical Temple.
  6378 | Temple   | Entered the Ecumenical Temple
  6511 | Temple   | Became a worshipper of Kikubaaqudgha
  7155 | D:7      | Reached skill level 12 in Stealth
  7170 | D:7      | Noticed a two-headed ogre
  7338 | D:7      | Reached * piety under Kikubaaqudgha
  7338 | D:7      | Identified Kikubaaqudgha's Reference Book on Dark Arts
                  | (Kikubaaqudgha gifted it to you on level 7 of the Dungeon)
  7338 | D:7      | Received a gift from Kikubaaqudgha
  7445 | D:7      | Reached skill level 10 in Short Blades
  7445 | D:7      | Reached XP level 9. HP: 57/57 MP: 9/12
  7450 | D:7      | Reached skill level 1 in Shields
  8794 | D:7      | Found a bloodstained altar of Trog.
  8964 | D:8      | Reached skill level 5 in Hexes
  9207 | D:8      | Found Liegum's General Store.
  9210 | D:8      | Bought a scroll of identify for 28 gold pieces
  9331 | D:8      | Noticed Prince Ribbit
  9589 | D:8      | Killed Prince Ribbit
  9589 | D:8      | Reached XP level 10. HP: 63/63 MP: 8/13
  9646 | D:8      | Reached ** piety under Kikubaaqudgha
 10079 | D:8      | Found a deep blue altar of Sif Muna.
 10440 | D:9      | Found a deep blue altar of Sif Muna.
 10441 | D:9      | Noticed a deep elf mage
 10449 | D:9      | Killed a deep elf mage
 10518 | D:9      | Found an ornate altar of the Wu Jian Council.
 11139 | D:9      | Reached skill level 5 in Dodging
 11269 | D:10     | Entered Level 10 of the Dungeon
 11381 | D:10     | Reached *** piety under Kikubaaqudgha
 11381 | D:10     | Identified Kikubaaqudgha's Collected Works on Unholy Arts
                  | (Kikubaaqudgha gifted it to you on level 10 of the Dungeon)
 11381 | D:10     | Received a gift from Kikubaaqudgha
 11529 | D:10     | Noticed Urug
 11615 | D:10     | Found a staircase to the Orcish Mines.
 11692 | D:10     | Noticed Fannar
 11728 | D:10     | Killed Fannar
 12515 | D:11     | Found a stormy altar of Qazlal.
 12603 | D:11     | Reached XP level 11. HP: 48/68 MP: 7/14
 12718 | D:10     | HP: 2/68 [Urug/javelin (9)]
 12728 | D:10     | Killed Urug
 13167 | D:11     | Found a staircase to the Lair.
 13226 | D:11     | Noticed an unseen horror
 13229 | D:11     | Killed an unseen horror
 13229 | D:11     | Reached skill level 10 in Dodging
 13265 | D:11     | Reached **** piety under Kikubaaqudgha
 13873 | D:11     | Reached skill level 10 in Hexes
 13914 | D:12     | Noticed a two-headed ogre
 13920 | D:12     | Killed a two-headed ogre
 13972 | D:12     | Found a hide-covered altar of Uskayaw.
 14118 | Lair:1   | Entered Level 1 of the Lair of Beasts
 14191 | Lair:1   | Found a blossoming altar of Fedhas.
 14286 | Lair:1   | Reached skill level 13 in Stealth
 14843 | Lair:2   | Reached skill level 14 in Stealth
 14937 | Lair:2   | Found a staircase to the Swamp.
 15214 | Lair:2   | Reached XP level 12. HP: 68/74 MP: 15/15
 15313 | Lair:2   | Reached skill level 15 in Stealth
 15433 | Lair:2   | Noticed a five-headed hydra
 15449 | Lair:2   | Killed a five-headed hydra
 16017 | Lair:3   | Noticed Gastronok
 16035 | Lair:3   | Reached skill level 16 in Stealth
 16060 | Lair:2   | Reached skill level 1 in Fighting
 16337 | Lair:3   | Found a hole to the Spider Nest.
 16512 | Lair:3   | Learned a level 3 spell: Dazzling Spray
 17107 | Lair:3   | Found a sparkling altar of Nemelex Xobeh.
 17690 | Lair:4   | Noticed a six-headed hydra
 17706 | Lair:4   | Killed a six-headed hydra
 17706 | Lair:4   | Reached skill level 5 in Fighting
 17773 | Lair:4   | Noticed a four-headed hydra
 17779 | Lair:4   | Killed a four-headed hydra
 18160 | Lair:4   | Identified a scroll of acquirement
 18431 | Lair:4   | Noticed an eight-headed hydra
 18447 | Lair:4   | Killed an eight-headed hydra
 18641 | Lair:5   | Noticed a death yak
 18641 | Lair:5   | Noticed a death yak
 18642 | Lair:5   | Noticed a death yak
 18642 | Lair:5   | Noticed a death yak
 18669 | Lair:4   | Killed a death yak
 19398 | Lair:5   | Got a pair of twisted gloves
 19409 | Lair:5   | Identified the cursed +0 pair of gloves of Eternal
                  | Vigilance {-Cast MP+9 Int+4} (You found it on level 5 of
                  | the Lair of Beasts)
 20324 | Lair:5   | You fall through a shaft!
 20324 | Lair:6   | Entered Level 6 of the Lair of Beasts
 20353 | Lair:6   | Reached skill level 1 in Necromancy
 20353 | Lair:6   | Reached skill level 1 in Ice Magic
 20601 | Lair:5   | Killed a death yak
 20835 | Lair:6   | Found a viscous altar of Jiyva.
 20835 | Lair:6   | Found a staircase to the Slime Pits.
 20880 | Lair:6   | Reached XP level 13. HP: 72/93 MP: 11/16
 21032 | Lair:6   | Noticed an entropy weaver
 21126 | Lair:6   | Got a scorched brass ring
 21127 | Lair:6   | Identified the cursed ring of Ycugharph {EV-5 Str+4 Dex+4}
                  | (You found it on level 6 of the Lair of Beasts)
 21262 | Lair:6   | Reached ***** piety under Kikubaaqudgha
 22081 | Lair:6   | Reached skill level 5 in Necromancy
 22169 | Lair:6   | Noticed an entropy weaver
 22187 | Lair:6   | Killed an entropy weaver
 22187 | Lair:6   | Reached skill level 5 in Ice Magic
 22888 | Lair:5   | HP: 3/93 [entropy weaver (11)]
 22888 | Lair:5   | Mangled by an entropy weaver

Vault maps used:
D:1:      elethiomel_arrival_maze
D:2:      evilmike_ruin_ashenzari
D:3:      first_ration, minmay_ogre_servants
D:4:      uniq_blork_the_orc
D:5:      st_stairs_1, nemelex_lonely_heart_becter
D:6:      okawaru_altar_gauntlet_db, minmay_temple_entry_butterflies,
          minivault_1, corexii_checkpoint_a, nicolae_zen_rock_garden,
          grunt_ministairs_10
D:7:      kennysheep_little_box
D:8:      lemuel_crystal_altar, serial_shops, kennysheep_mini_moat,
          uniq_prince_ribbit1
D:9:      lemuel_round_altar, minivault_25, david_defended_altar_elf
D:10:     orc_0_dummy, uniq_fannar, uniq_urug
D:11:     lair_entry_dummy, serial_undead, serial_undead_f, serial_undead_a,
          serial_undead_d, serial_undead_e, basic_altar
D:12:     portal_ice_cave_entry_pillars_1, hangedman_little_slice_of_home,
          minmay_ruined_shrine, uniq_psyche
Temple:   dpeg_five_rooms_temple
Lair:1:   basic_altar
Lair:2:   minmay_swamp_entry_reptiles, serial_bayou_shore_b, lemuel_fruit_fields
Lair:3:   spider_nest_entry_funnel_web, lemuel_centaur_altar, uniq_gastronok
Lair:6:   guppyfry_lair_end_dragon, slime_altar_1, minivault_29

Skill      XL: |  1  2  3  4  5  6  7  8  9 10 11 12 13 |
---------------+----------------------------------------+-----
Stealth        | 5 6 7 8 10 12 14 16 | 16.0
Short Blades   | 2 3 4 6 7 10 11 12 | 12.2
Shields        | 4 |  4.0
Hexes          | 7 8 12 14 | 14.1
Dodging        | 8 10 | 10.0
Fighting       | 6 |  6.0
Necromancy     | 2 5 |  5.9
Ice Magic      | 2 5 |  5.4
Spellcasting   | |  2.0

Action                   |  1- 3 |  4- 6 |  7- 9 | 10-12 | 13-15 || total
-------------------------+-------+-------+-------+-------+-------++-------
Melee: Dagger            |   150 |    99 |     3 |       |       ||   252
       Bite              |    12 |     6 |    26 |    54 |    12 ||   110
       Short sword       |       |    21 |   355 |   723 |   127 ||  1226
 Cast: Corona            |    14 |       |       |       |       ||    14
       Ensorcelled Hiber |     8 |    25 |    61 |   115 |    63 ||   272
       Confuse           |       |       |    16 |    38 |     2 ||    56
       Dazzling Spray    |       |       |       |    24 |    15 ||    39
 Abil: Bat Form          |       |       |     3 |     2 |     4 ||     9
       End Transformatio |       |       |     3 |     2 |     3 ||     8
Evoke: Wand              |       |     1 |       |     4 |     1 ||     6
  Use: Potion            |     5 |     7 |    16 |    31 |     9 ||    68
       Scroll            |       |       |    10 |    24 |     1 ||    35
 Stab: Sleeping          |    13 |    22 |    50 |    98 |    25 ||   208
       Distracted        |       |       |     1 |     4 |       ||     5
       Confused          |       |       |     4 |    21 |     2 ||    27
       Invisible         |       |       |       |     5 |       ||     5
Armor: Robe              |    21 |    14 |    41 |    86 |    30 ||   192
Dodge: Dodged            |    96 |    68 |   192 |   361 |   104 ||   821
Block: Buckler           |       |       |    10 |   102 |    40 ||   152

Table legend:
 A = Non-vault XP
 B = Vault XP
 C = Vault XP percentage of total XP
 D = Non-vault monster count
 E = Vault monster count
 F = Vault count percentage of total count
                 A         B        C        D         E       F
            +---------+---------+-------+---------+---------+-------
      Total |   38621 |    9480 |  19.7 |     340 |      51 |  13.0
            +---------+---------+-------+---------+---------+-------
        D:1 |      28 |       0 |   0.0 |      16 |       0 |   0.0
        D:2 |      73 |       0 |   0.0 |      24 |       0 |   0.0
        D:3 |     164 |       0 |   0.0 |      22 |       0 |   0.0
        D:4 |     246 |      96 |  28.1 |      14 |       1 |   6.7
        D:5 |     428 |      54 |  11.2 |      16 |       2 |  11.1
        D:6 |    1311 |     110 |   7.7 |      27 |       7 |  20.6
        D:7 |    1792 |       0 |   0.0 |      30 |       0 |   0.0
        D:8 |    1864 |     264 |  12.4 |      41 |       1 |   2.4
        D:9 |    1228 |     544 |  30.7 |      23 |       1 |   4.2
       D:10 |    1436 |    1841 |  56.2 |      29 |       2 |   6.5
       D:11 |    3162 |     334 |   9.6 |      22 |       5 |  18.5
       D:12 |     894 |    1189 |  57.1 |       1 |       4 |  80.0
     Lair:1 |    2938 |       0 |   0.0 |      10 |       0 |   0.0
     Lair:2 |    3385 |     464 |  12.1 |       9 |       4 |  30.8
     Lair:3 |    3610 |     468 |  11.5 |      12 |       2 |  14.3
     Lair:4 |    7330 |       0 |   0.0 |      23 |       0 |   0.0
     Lair:5 |    3658 |     190 |   4.9 |       8 |       2 |  20.0
     Lair:6 |    5074 |    3926 |  43.6 |      13 |      20 |  60.6
            +---------+---------+-------+---------+---------+-------
